 Dungeon Crawl Stone Soup version 0.27.1-33-g824d729ab1 (webtiles) character file.

Game seed: 9046393116476503111

383 Tirrikindir the Slasher (level 6, -1/43 HPs)
             Began as an Octopode Fighter on Dec 22, 2021.
             Was a Believer of Elyvilon.
             Shot with an arrow by a centaur (10 damage)
             ... on level 5 of the Dungeon.
             The game lasted 00:11:15 (3662 turns).

Tirrikindir the Slasher (Octopode Fighter)          Turns: 3662, Time: 00:11:15

Health: -1/43      AC:  1    Str: 15    XL:     6   Next: 76%
Magic:  6/6        EV: 12    Int: 10    God:    Elyvilon [**....]
Gold:   174        SH: 11    Dex: 14    Spells: 5/5 levels left

rFire    . . .     SeeInvis .   a - +0 long sword
rCold    . . .     Faith    .   b - +2 kite shield
rNeg     . . .     Spirit   .   (helmet restricted)
rPois    .         Reflect  .   (no amulet)
rElec    .         Harm     .   (no ring)
rCorr    .         Rampage  .   (no ring)
Will     .....                  (no ring)
Stlth    +++.......             (no ring)
HPRegen  0.14/turn              (no ring)
MPRegen  0.10/turn              (no ring)
                                (no ring)
                                (no ring)

@: no status effects
A: almost no armour, amphibious, 8 rings, camouflage 1, gelatinous body 1,
(nimble swimmer 1), tentacles
a: Renounce Religion, Lesser Healing, Heal Other, Divine Protection


You were on level 5 of the Dungeon.
You worshipped Elyvilon.
Elyvilon was pleased with you.
You visited 1 branch of the dungeon, and saw 5 of its levels.

You collected 174 gold pieces.

Inventory:

Hand Weapons
 a - a +0 long sword (weapon)
 j - a +4 dagger
Missiles
 f - 11 poisoned darts (quivered)
Armour
 b - a +2 kite shield (worn)
Scrolls
 c - a scroll of blinking
 h - 2 scrolls of fog
 m - a scroll of fear
Potions
 e - 2 potions of resistance
 g - 4 potions of curing
 i - a potion of cancellation {unknown}
 k - a potion of ambrosia {unknown}
 l - a potion of degeneration {unknown}
 n - a potion of heal wounds {unknown}


   Skills:
 - Level 4.0 Fighting
 * Level 4.3 Long Blades
 - Level 4.0 Dodging
 + Level 3.4 Stealth
 + Level 4.1 Shields


You had 5 spell levels left.
You didn't know any spells.
Your spell library contained the following spells:

 Spells                   Type           Power      Damage    Failure   Level
 Passwall                 Tmut/Erth      0%         N/A       93%         2
 Swiftness                Air            0%         N/A       99%         3
 Invisibility             Hex            0%         N/A       100%        6


Dungeon Overview and Level Annotations

Branches:
Dungeon (5/15)
 Temple: D:4-7

Altars:
Elyvilon
Okawaru
Zin


Innate Abilities, Weirdness & Mutations

You cannot wear most types of armour.
You are amphibious.
You can wear up to eight rings at the same time.
Your skin changes colour to match your surroundings (Stealth+).
Your rubbery body absorbs attacks. (AC +1, EV +1)
((You are camouflaged near water. (Stealth+)))
You have tentacles for arms and can constrict up to eight enemies at once.


Message History

You hit the endoplasm but do no damage.
The endoplasm is moderately wounded.
The endoplasm freezes you.
You are frozen.
The endoplasm barely misses you.
You hit the endoplasm.
The endoplasm is heavily wounded.
You block the endoplasm's attack.
You hit the endoplasm.
You kill the endoplasm!
Done exploring.
Done exploring.
(D) Dungeon
Where to? (Enter - D:4, ? - help)
There is a stone staircase leading down here.
You climb downwards.
Found 5 gold pieces.
Found a stone staircase leading up.
There is a stone staircase leading up here.
Found 17 gold pieces.
You now have 157 gold pieces (gained 5).
A centaur comes into view.
An orc comes into view. It is wielding a +0 dagger.
You see here 17 gold pieces.
Found a stone staircase leading down.
The orc shouts!
You hear a shout! x2; The centaur shouts!
An orc comes into view. It is wielding a +0 hand axe.
You hear a shout!
You hear a bark!
A centaur comes into view.
The centaur wields a +0 shortbow.
The centaur shoots an arrow.
You block the arrow.
The centaur wields a +0 shortbow.
The centaur shoots an arrow.
The arrow hits you!
You see here 17 gold pieces.
You now have 174 gold pieces (gained 17).
The centaur shoots an arrow.
The arrow hits you!
A centaur comes into view.
The centaur shoots an arrow.
The arrow hits you!
The centaur shoots an arrow.
The arrow hits you.
* * * LOW HITPOINT WARNING * * *
The centaur wields a +0 shortbow.
The centaur shoots an arrow.
You block the arrow.
The centaur shoots an arrow.
The arrow hits you!
You die...

......####..... .....>
...........# .#
.....###......<..#..#
....................#
#c #...............#..#
... #.. ##.........#..#
#.c.#..###............#
#c..........###..#..#
#....@............#
#......<..........#
#o...##............#
.o..........####..#..#
............... ...
#...#...##...#.# ..
#...#............ ...
.............. .#...
#........


You could see 2 centaurs and 2 orcs.

Vanquished Creatures
  An ogre (D:4)
  A necrophage (D:4)
  A jelly (D:4)
  An orc priest (D:4)
  Crazy Yiuf (D:4)
  An iguana (D:4)
  An adder (D:2)
  An ufetubus (D:4)
  An adder skeleton (D:4)
  A worm (D:4)
  A dart slug (D:3)
  6 orcs
  4 bats
  8 endoplasms
  4 giant cockroaches
  5 goblins
  6 hobgoblins
  4 jackals (D:1)
  5 kobolds
  3 quokkas (D:1)
  13 ball pythons
  A frilled lizard (D:1)
  A rat (D:1)
  4 toadstools (D:1)
75 creatures vanquished.

Notes
Turn   | Place    | Note
-------+----------+-------------------------------------------
     0 | D:1      | Tirrikindir the Octopode Fighter began the quest for the
                  | Orb.
     0 | D:1      | Reached XP level 1. HP: 16/16 MP: 1/1
   131 | D:1      | Reached XP level 2. HP: 20/21 MP: 2/2
   581 | D:1      | Reached XP level 3. HP: 23/26 MP: 3/3
  1252 | D:2      | Reached skill level 1 in Stealth
  1335 | D:2      | Found a glowing silver altar of Zin.
  1739 | D:2      | Reached XP level 4. HP: 30/31 MP: 4/4
  1774 | D:2      | Found a faded altar of an unknown god.
  1899 | D:2      | Became a worshipper of Elyvilon the Healer
  1899 | D:2      | Reached * piety under Elyvilon
  1977 | D:3      | Found an iron altar of Okawaru.
  2482 | D:4      | Noticed an ogre
  2488 | D:4      | Killed an ogre
  2489 | D:4      | Reached XP level 5. HP: 36/36 MP: 5/5
  2660 | D:4      | Reached ** piety under Elyvilon
  2856 | D:4      | Reached XP level 6. HP: 43/43 MP: 6/6
  3285 | D:4      | Found a runed translucent door.
  3286 | D:4      | Noticed Crazy Yiuf
  3291 | D:4      | Killed Crazy Yiuf
  3495 | D:4      | Noticed a necrophage
  3500 | D:4      | Killed a necrophage
  3648 | D:5      | Entered Level 5 of the Dungeon
  3662 | D:5      | Shot with an arrow by a centaur

Illustrated notes

Levels and vault maps discovered:
D:1:      ldierk_water_garden, layout_basic
D:2:      layout_loops_corners, hellmonk_ecumenical_altar_run_dry, basic_altar
D:3:      layout_rooms, old_standard_altar, fountainhead
D:4:      layout_cave_pods, uniq_crazy_yiuf_cottage
D:5:      layout_basic, grunt_qazlal_sundering, kennysheep_pointless_box,
          st_stairs_4, chequers_mini_garden, serial_bayou_pond_a,
          minmay_misc_feat_x, minmay_manual_mares

Skill      XL: |  1  2  3  4  5  6 |
---------------+-------------------+-----
Stealth        | 1 2 3 |  3.4
Long Blades    | 3 4 |  4.3
Dodging        | 4 |  4.0
Shields        | 4 |  4.1
Fighting       | 4 |  4.0

Action                   |  1- 3 |  4- 6 || total
-------------------------+-------+-------++-------
Melee: Long sword        |    67 |    56 ||   123
       Constrict         |    22 |    15 ||    37
       Tentacles         |    13 |    16 ||    29
Invok: Lesser Healing    |       |     1 ||     1
  Use: Scroll            |     6 |     7 ||    13
       Potion            |     1 |     2 ||     3
 Stab: Sleeping          |    10 |     6 ||    16
       Distracted        |       |     1 ||     1
Armor: Skin              |     5 |     2 ||     7
Dodge: Dodged            |    34 |    16 ||    50
Block: Kite shield       |    37 |    27 ||    64
       Rpst.: Long sword |    13 |     7 ||    20
